AoeStats
← UMIT BESEN

Arabia

509773616Analyzed
1v1 RM · 4d ago on Sep 28, 2026· 45m 43s· 2 players
Game mode
Random Map
Map size
Tiny (2 player)
Population
200
Speed
Normal
Resources
Standard
Victory
Conquest
Starting age
Dark Age
Ending age
Imperial Age
RankedLock teamsTeams togetherTeam positionsShared explorationLock speedFull tech treeHidden civsTurbo modeCheats
Victory
Defeat
🇦🇷 Britons · Argentina
1259
+16
🇹🇷 Goths · Türkiye
1257
-16
UMIT BESEN
0:46 Loom
10:52 Feudal Age
11:39 Double-Bit Axe
11:25 Man-at-Arms
24:21 Castle Age
23:00 Fletching
24:24 Horse Collar
27:56 Wheelbarrow
30:33 Scale Mail Armor
31:03 Bow Saw
33:22 Forging
33:23 Squires
33:29 Long Swordsman
37:41 Iron Casting
braian_klimt
7:53 Loom
10:04 Feudal Age
11:39 Man-at-Arms
15:05 Fletching
16:22 Padded Archer Armor
22:52 Castle Age
21:34 Gold Mining
23:11 Long Swordsman
23:37 Gambesons
24:13 Scale Mail Armor
24:06 Crossbowman
27:00 Squires
29:59 Forging
29:49 Horse Collar
30:42 Double-Bit Axe
32:27 Wheelbarrow
32:36 Iron Casting
34:20 Arson
35:49 Bodkin Arrow
40:05 Chain Mail Armor
44:51 Imperial Age
43:48 Town Watch
44:19 Bow Saw
44:12 Heavy Plow
45:08 Capped Ram
Connection lost

Rejoining the realm…

Still unreachable

The connection could not be restored.

Session expired

The server has moved on; the page needs a fresh start.